 Dungeon Crawl Stone Soup version 0.22.1-2-g9c5b331 (webtiles) character file.

663440 Torikoriko the Slayer (level 27, -1/244 HPs)
             Began as a Demonspawn Skald on Nov 19, 2018.
             Was a High Priest of Qazlal.
             Splashed by an acid blob's acid (12 damage)
             ... on level 1 of the Realm of Zot on Nov 23, 2018.
             The game lasted 07:01:36 (105905 turns).

Torikoriko the Slayer (Demonspawn Skald)          Turns: 105905, Time: 07:01:36

Health: -1/244     AC: 61    Str: 23    XL:     27
Magic:  14/36      EV: 17    Int: 16    God:    Qazlal [*****.]
Gold:   6191       SH: 24    Dex: 23    Spells: 19/30 levels left

rFire    + + .     SeeInvis +   b - +7 demon blade "Naum" {protect, MR+}
rCold    + . .     Gourm    .   f - +3 shield "Keix" {rN++}
rNeg     + + +     Faith    .   U - +14 crystal plate armour
rPois    +         Spirit   .   (helmet unavailable)
rElec    .         Reflect  .   w - +2 cloak
rCorr    .         Harm     .   u - +0 pair of gloves of Servitude {+Blink Dex+6 SInv}
MR       ++++.                  v - +2 pair of boots "Dirphikh" {Str+4}
Stlth    ..........             i - amulet of regeneration
HPRegen  0.90/turn              W - ring of Vulim {Wiz rN+ MR+}
MPRegen  0.25/turn              l - ring "Veros Jidu" {rF+ rN+ Stlth+}

@: protected from physical damage, corroded, repel missiles
A: antennae 3, beak, slimy green scales 3, see invisible, blink, cold resistance
1, demonic guardian 3, fire resistance 1, icemail, poison resistance,
augmentation 3, freezing cloud immunity, subdued magic 1
}: 4/15 runes: serpentine, barnacled, slimy, silver
a: Blink, Upheaval, Elemental Force, Disaster Area, Renounce Religion, Evoke
Blink


You were on level 1 of the Realm of Zot.
You worshipped Qazlal.
Qazlal was extremely pleased with you.
You were not hungry.

You visited 15 branches of the dungeon, and saw 61 of its levels.
You also visited: Labyrinth, Trove, Bailey and Wizlab.

You collected 10151 gold pieces.
You spent 3960 gold pieces at shops.

Inventory:

Hand Weapons
 b - the +7 demon blade "Naum" (weapon) {protect, MR+}
   (You found it in a treasure trove)

   It protects the one who uses it against injury (+AC on strike).
   It affects your resistance to hostile enchantments.
Missiles
 O - 11 throwing nets (quivered) {!f}
Armour
 f - the +3 shield "Keix" (worn) {rN++}
   (You took it off Donald on level 1 of the Orcish Mines)

   It greatly protects you from negative energy.
 u - the +0 pair of gloves of Servitude (worn) {+Blink Dex+6 SInv}
   (You found it on level 3 of the Elven Halls)

   It affects your dexterity (+6).
   It lets you see invisible.
   It lets you blink.
 v - the +2 pair of boots "Dirphikh" (worn) {Str+4}
   (You acquired it in a bailey)

   It affects your strength (+4).
 w - a +2 cloak (worn)
 U - a +14 crystal plate armour (worn)
Jewellery
 i - an amulet of regeneration (around neck)
 l - the ring "Veros Jidu" (right hand) {rF+ rN+ Stlth+}
   (You took it off a deep elf elementalist on level 3 of the Elven Halls)

   [ring of positive energy]

   It protects you from fire.
   It protects you from negative energy.
   It makes you more stealthy.
 q - an uncursed ring of resist corrosion
 r - the amulet "Joyg" {Acrobat Str+4}
   (You took it off a vampire knight on level 2 of the Crypt)

   [amulet of the acrobat]

   It helps you evade while moving and waiting.
   It affects your strength (+4).
 P - the ring of Ceifut {rPois rC+ SInv}
   (You found it on level 1 of the Vaults)

   [ring of see invisible]

   It protects you from cold.
   It protects you from poison.
   It lets you see invisible.
 Q - the ring of Nenwieme {rElec SInv}
   (You took it off a black draconian on level 5 of the Depths)

   [ring of see invisible]

   It insulates you from electricity.
   It lets you see invisible.
 W - the ring of Vulim (left hand) {Wiz rN+ MR+}
   (You found it on level 3 of the Depths)

   [ring of wizardry]

   It improves your spell success rate.
   It protects you from negative energy.
   It affects your resistance to hostile enchantments.
Wands
 x - a wand of acid (18)
 F - a wand of digging (31)
 L - a wand of clouds (11)
Scrolls
 e - 11 scrolls of magic mapping
 g - 8 scrolls of fear
 j - 27 scrolls of remove curse
 m - 15 scrolls of teleportation
 y - 20 scrolls of identify
 B - a scroll of torment
 C - 3 scrolls of immolation
 D - 3 scrolls of blinking
 J - 6 scrolls of fog
 Y - 3 scrolls of silence
Potions
 c - 8 potions of might
 n - 6 potions of resistance
 o - 13 potions of haste
 p - 5 potions of brilliance
 s - 6 potions of mutation
 z - 14 potions of curing
 G - 3 potions of invisibility
 H - 5 potions of agility
 I - 3 potions of magic
 K - 7 potions of flight
 M - a potion of cancellation
 N - 7 potions of berserk rage
 T - a potion of ambrosia
 X - 6 potions of heal wounds
Miscellaneous
 k - 2 boxes of beasts
 t - a lamp of fire
 E - a phantom mirror
 R - the horn of Geryon
 S - a phial of floods
Comestibles
 d - 48 rations
 h - a chunk of flesh


   Skills:
 + Level 25.7 Fighting
 - Level 14.0 Long Blades
 - Level 23.0 Armour
 + Level 19.0 Dodging
 - Level 10.0 Shields
 - Level 2.0 Spellcasting
 - Level 10.0 Charms
 - Level 8.2 Necromancy
 - Level 3.0 Translocations
 - Level 3.4 Poison Magic
 + Level 18.2 Invocations


You had 19 spell levels left.
You knew the following spells:

 Your Spells              Type           Power        Failure   Level  Hunger
a - Regeneration          Chrm/Necr      ###.......   13%         3    ###....
b - Song of Slaying       Chrm           ####....     4%          2    ###....
c - Shroud of Golubria    Chrm/Tloc      ###.......   19%         2    ###....
d - Olgreb's Toxic Radia  Pois           #.......     98%         4    #####..

Your spell library contained the following spells:

 Spells                   Type           Power        Failure   Level  Hunger
 Infusion                 Chrm           ####         2%          1    #......
 Corpse Rot               Necr           N/A          9%          2    ###....
 Swiftness                Chrm/Air       ##......     32%         2    ###....
 Apportation              Tloc           #.....       45%         1    #......
 Spectral Weapon          Hex/Chrm       ##......     54%         3    ###....
 Blink                    Tloc           N/A          58%         2    ###....
 Sting                    Conj/Pois      #...         65%         1    #......
 Poisonous Vapours        Pois/Air       #.....       77%         2    ###....
 Gell's Gravitas          Tloc           #.........   82%         3    ###....
 Lesser Beckoning         Tloc           #.........   82%         3    ###....
 Beastly Appendage        Tmut           #.....       86%         1    #......
 Corona                   Hex            #......      86%         1    #......
 Flame Tongue             Conj/Fire      #....        86%         1    #......
 Magic Dart               Conj           #...         86%         1    #......
 Shock                    Conj/Air       #...         86%         1    #......
 Summon Butterflies       Summ           #.......     86%         1    #......
 Call Imp                 Summ           #.......     94%         2    ###....
 Ensorcelled Hibernation  Hex/Ice        #.....       94%         2    ###....
 Searing Ray              Conj           #.....       94%         2    ###....
 Slow                     Hex            #.......     94%         2    ###....
 Sticks to Snakes         Tmut           #.......     94%         2    ###....
 Throw Flame              Conj/Fire      #.....       94%         2    ###....
 Spider Form              Tmut/Pois      #.........   94%         3    ###....
 Portal Projectile        Hex/Tloc       #.....       95%         3    ###....
 Ignite Poison            Fire/Tmut/Pois #.......     97%         3    ###....
 Mephitic Cloud           Conj/Pois/Air  #.......     97%         3    ###....
 Confuse                  Hex            #.......     99%         3    ###....
 Conjure Flame            Conj/Fire      #.......     99%         3    ###....
 Dazzling Spray           Conj/Hex       #.....       99%         3    ###....
 Inner Flame              Hex/Fire       #.......     99%         3    ###....
 Static Discharge         Conj/Air       #.......     99%         3    ###....
 Stone Arrow              Conj/Erth      #.....       99%         3    ###....
 Tukima's Dance           Hex            #.......     99%         3    ###....
 Iskenderun's Battlesphe  Conj/Chrm      ##......     99%         5    ######.
 Airstrike                Air            #.........   100%        4    #####..
 Force Lance              Conj/Tloc      #.......     100%        4    #####..
 Fulminant Prism          Conj/Hex       #.........   100%        4    #####..
 Ice Form                 Ice/Tmut       #.......     100%        4    #####..
 Iskenderun's Mystic Bla  Conj           #.......     100%        4    #####..
 Leda's Liquefaction      Hex/Erth       #.........   100%        4    #####..
 Sticky Flame             Conj/Fire      #.......     100%        4    #####..
 Summon Lightning Spire   Summ/Air       #.......     100%        4    #####..
 Alistair's Intoxication  Tmut/Pois      #.......     100%        5    ######.
 Blade Hands              Tmut           #.........   100%        5    ######.
 Bolt of Magma            Conj/Fire/Erth #.........   100%        5    ######.
 Borgnjor's Vile Clutch   Necr/Erth      ##........   100%        5    ######.
 Fireball                 Conj/Fire      #.........   100%        5    ######.
 Irradiate                Conj/Tmut      #.........   100%        5    ######.
 Lightning Bolt           Conj/Air       #.........   100%        5    ######.
 Silence                  Hex/Air        #.........   100%        5    ######.
 Summon Forest            Summ/Tloc      #.........   100%        5    ######.
 Summon Mana Viper        Hex/Summ       #.......     100%        5    ######.
 Venom Bolt               Conj/Pois      #.........   100%        5    ######.
 Bolt of Fire             Conj/Fire      #.........   100%        6    #######
 Conjure Ball Lightning   Conj/Air       #.........   100%        6    #######
 Darkness                 Hex            #.........   100%        6    #######
 Deflect Missiles         Chrm/Air       ##........   100%        6    #######
 Dispersal                Tloc           #.........   100%        6    #######
 Hydra Form               Tmut           #.........   100%        6    #######
 Invisibility             Hex            #.......     100%        6    #######
 Iron Shot                Conj/Erth      #.........   100%        6    #######
 Poison Arrow             Conj/Pois      #.........   100%        6    #######
 Shadow Creatures         Summ           N/A          100%        6    #######
 Dragon Form              Tmut           #.........   100%        7    #######
 Haunt                    Necr/Summ      ##........   100%        7    #######
 Orb of Destruction       Conj           #.........   100%        7    #######
 Ring of Flames           Chrm/Fire      ##........   100%        7    #######
 Spellforged Servitor     Conj/Summ      #.........   100%        7    #######
 Summon Hydra             Summ           #.........   100%        7    #######
 Borgnjor's Revivificati  Necr           ###.......   100%        8    #######
 Chain Lightning          Conj/Air       #.........   100%        8    #######
 Controlled Blink         Tloc           N/A          100%        8    #######
 Death's Door             Chrm/Necr      ###.......   100%        8    #######
 Discord                  Hex            #.........   100%        8    #######
 Disjunction              Tloc           #.........   100%        8    #######
 Ignition                 Fire           #.........   100%        8    #######
 Infestation              Necr           ###.......   100%        8    #######
 Lehudib's Crystal Spear  Conj/Erth      #.........   100%        8    #######
 Necromutation            Tmut/Necr      ##........   100%        8    #######
 Fire Storm               Conj/Fire      #.........   100%        9    #######
 Glaciate                 Conj/Ice       #.........   100%        9    #######
 Tornado                  Air            #.........   100%        9    #######


Dungeon Overview and Level Annotations

Branches:
Dungeon (15/15)            Temple (1/1) D:4            Lair (6/6) D:9
 Shoals (4/4) Lair:3        Snake (4/4) Lair:2        Slime (5/5) Lair:5
    Orc (2/2) D:10            Elf (3/3) Orc:2        Vaults (5/5) D:14
  Crypt (3/3) Vaults:2       Tomb (0/3) Crypt:3      Depths (5/5) D:15
   Hell (1/1)                 Dis (2/7) Hell            Geh (4/7) Hell
    Coc (0/7) Hell            Tar (0/7) Hell            Zot (1/5) Depths:5

Altars:
Ashenzari
Cheibriados
Dithmenos
Elyvilon
Fedhas
Gozag
Hepliaklqana
Kikubaaqudgha
Makhleb
Nemelex Xobeh
Okawaru
Qazlal
Ru
Sif Muna
Trog
Uskayaw
Vehumet
Wu Jian
Xom
Yredelemnul
Zin
The Shining One
Beogh
Jiyva
Lugonu

Shops:
D:5 [   D:7 %[(?[   D:10 %   Orc:1 *   Orc:2 ([[[   Elf:2 [   Shoals:3 *
Snake:2 [   Snake:3 [(   Snake:4 **   Vaults:5 (![!}%   Depths:2 =}}
Depths:4 !

Portals:
Hell: Depths:1 Depths:2 Depths:3 Depths:4 Depths:5
Abyss: Depths:1 Depths:2 Depths:4
Pandemonium: Depths:2 Depths:3 Depths:5
Ziggurat: Depths:3

Annotations:
D:3 3 runed doors, Kotlin's ghost, amateur DECj
D:9 3 runed doors, bmj180's ghost, novice MiFi
Lair:3 exclusion: 4 oklob plants
Lair:4 3 runed doors, Ishrid's ghost, journeyman MiBe
Shoals:3 1 runed door, Baraojil's ghost, adept NaGl
Shoals:4 2 runed doors, PeterLawrence's ghost, adept MiFi
Snake:2 exclusion: Roxanne, Nikola; Roxanne; Vashnia
Elf:1 3 runed doors, nightchill's ghost, adept MiBe
Crypt:1 3 runed doors, Norrafa's ghost, master MiMo


Innate Abilities, Weirdness & Mutations

You have a pair of large antennae on your head. (SInv)
You are completely covered in slimy green scales. (AC +4, rPois)
Your flesh is cold resistant. (rC+)
A powerful demonic guardian rushes to your aid.
A meltable icy envelope protects you from harm. (AC +10)
Your magical and physical power is greatly enhanced at high health.
You are immune to freezing clouds.
You have a beak for a mouth.
You have supernaturally acute eyesight. (SInv)
You can translocate small distances at will.
Your flesh is heat resistant. (rF+)
Your system is resistant to poisons. (rPois)
Your spells are a little easier to cast, but a little less powerful.


Message History

The acid burns!
* * * LOW HITPOINT WARNING * * *
The yellow draconian shifter is struck by lightning.
The yellow draconian shifter blinks!
The yellow draconian stormcaller is engulfed in blazing flames.
The yellow draconian throws acid at you.
You block the glob of acid.
A yellow draconian comes into view. It is wielding a glaive.
The acid blob spits acid at you. You block the splash of acid.
The yellow draconian stormcaller mumbles some strange prayers to Qazlal against Qazlal smites you!
* * * LOW HITPOINT WARNING * * *
You swap places.
The yellow draconian stormcaller is no longer moving slowly.
The acid blob is engulfed in blazing flames.
The acid blob spits acid at you. The splash of acid hits you!
The acid corrodes you!
You are splashed with acid!
The acid burns!
You die...

#... ##.. #####
#... ##...## ##
.... ##.....##
..# ....
#.......##..##
.
##............#
#....§........#
#...q§§@....:.#
##...§2≈.§qd..#
#..JJJd§##..##
# ##...q.## {.#
# ## ##.§.##
..###. #####
...... # { {
...... # #.....
. #..##.


You could see a yellow draconian knight, 3 acid blobs, 2 draconians, a yellow
draconian shifter, a yellow draconian stormcaller and a friendly lorocyproca
(invisible).

Vanquished Creatures
  the Royal Jelly (Slime:5)
  An ancient lich (Crypt:3)
  Mara (Vaults:2)
  Khufu (Crypt:3)
  A juggernaut (Depths:5)
  Bai Suzhen (Crypt:3)
  Sojobo (Vaults:2)
  Margery (Vaults:4)
  Xtahua (Crypt:2)
  Geryon (Hell)
  A profane servitor (Crypt:3)
  A bone dragon (Crypt:3)
  5 golden dragons
  A Tzitzimitl (Dis:1)
  A hellephant (Depths:1)
  A Brimstone Fiend (Geh:1)
  2 tentacled monstrosities
  2 quicksilver dragons
  3 liches
  2 krakens
  7 titans
  A deep elf blademaster (Elf:3)
  26 acid blobs
  A deep elf master archer (Elf:3)
  3 death cobs
  An eldritch tentacle (Dis:1)
  An Executioner (Dis:1)
  3 ancient champions
  Agnes (Snake:1)
  6 sphinxes
  6 storm dragons
  Donald (Orc:1)
  3 revenants
  7 tengu reavers
  7 shadow dragons
  10 nagarajas
  8 fire giants
  11 deep elf sorcerers
  6 draconian monks
  3 draconian scorchers
  16 azure jellies
  14 vault wardens
  2 iron dragons
  4 draconian knights
  2 orc warlords
  A balrug (Geh:3)
  6 frost giants
  Aizul (Snake:1)
  6 ghouls
  A draconian stormcaller (Zot:1)
  18 ironheart preservers
  A juggernaut zombie (Depths:4)
  4 deep elf elementalists
  2 curse skulls (Crypt:2)
  3 draconian annihilators
  24 stone giants
  7 reapers
  25 very ugly things
  6 war gargoyles
  7 vampire knights
  5 deep elf demonologists
  A minotaur (Lab)
  3 spark wasps (Depths:2)
  5 green draconians
  7 yellow draconians (Zot:1)
  The ghost of Usticsia the Thaumaturge, a journeyman GnWz of Ashenzari (D:15)
  7 deep elf annihilators
  6 black draconians (Depths:5)
  2 purple draconians (Depths:5)
  5 white draconians
  Snorg (Orc:1)
  7 red draconians (Depths:5)
  2 eidola (Crypt:2)
  6 deep elf death magi
  12 ettins
  4 green deaths
  9 death oozes
  A blizzard demon (Depths:1)
  A crystal guardian (Vaults:4)
  18 jiangshi
  A mummy priest (WizLab)
  12 merfolk impalers
  18 yaktaur captains
  7 deep elf high priests
  A quicksilver dragon zombie (Depths:3)
  A spectral golden dragon (Crypt:3)
  11 fire dragons
  9 hydras
  17 naga warriors
  A quicksilver dragon skeleton (Geh:2)
  2 rakshasas (Depths:3)
  A great orb of eyes (shapeshifter) (Depths:5)
  10 ice dragons
  5 great orbs of eyes
  A merfolk avatar (Shoals:4)
  3 anacondas (Snake:2)
  29 vault guards
  8 death knights
  4 spriggan air magi
  12 centaur warriors
  5 merfolk aquamancers
  6 deep troll shamans
  32 two-headed ogres
  2 satyrs
  8 hell hogs
  A queen ant (shapeshifter) (Vaults:1)
  4 tengu warriors
  12 ogre magi
  3 spriggan berserkers
  33 dancing weapons
  9 deep troll earth magi
  8 vampire magi
  A titan skeleton (Dis:1)
  A shock serpent (shapeshifter) (Depths:5)
  8 naga sharpshooters
  5 shock serpents
  2 orc high priests
  5 soul eaters
  2 titan zombies
  2 sun demons
  4 storm dragon zombies
  A fire crab (shapeshifter) (Vaults:1)
  An iron troll (shapeshifter) (Vaults:4)
  10 deep elf knights
  55 skeletal warriors
  2 iron trolls
  18 hell knights
  An iron golem (Dis:1)
  4 golden dragon zombies (Depths:4)
  37 deep trolls
  5 shadow wraiths
  A death drake (Depths:5)
  2 spark wasp zombies
  3 unseen horrors
  4 glowing orange brains
  An anaconda zombie (Geh:2)
  10 sea snakes
  9 flayed ghosts
  6 naga ritualists
  17 deep elf archers
  5 wizards
  2 anaconda skeletons
  3 tengu zombies
  17 necromancers
  14 ironbrand convokers
  6 lindwurms
  2 shadow dragon zombies
  2 sphinx zombies (Depths:4)
  9 orc knights
  12 phantasmal warriors
  2 wolf spider zombies
  2 stone giant zombies
  A spectral ettin (Crypt:3)
  66 deep elf magi
  A shadow dragon skeleton (Geh:4)
  20 fauns
  34 ugly things
  3 mana vipers
  5 cyclopes
  6 orc sorcerers
  2 fire giant zombies
  9 harpies
  An oklob plant (Zot:1)
  7 wolf spiders
  6 salamanders
  A salamander (shapeshifter) (D:14)
  13 shining eyes
  13 manticores
  A sphinx skeleton (Crypt:1)
  4 centaur zombies
  4 moths of wrath
  A spriggan zombie (WizLab)
  Maurice (D:13)
  9 merfolk sirens
  A frost giant skeleton (Depths:3)
  18 black mambas
  13 naga magi
  4 human zombies
  12 rust devils
  A titan simulacrum (Crypt:2)
  18 vault sentinels
  An iron dragon skeleton (Dis:1)
  2 smoke demons (Hell)
  7 spiny frogs
  3 water nymphs
  5 guardian serpents
  2 dire elephant zombies
  5 eyes of devastation
  A stone giant skeleton (Vaults:4)
  An elephant (shapeshifter) (Depths:2)
  3 fire giant skeletons
  A demonspawn zombie (WizLab)
  2 molten gargoyles (Lair:6)
  2 gargoyles
  2 centaur skeletons
  A spiny frog (shapeshifter) (Vaults:5)
  6 hellions
  10 freezing wraiths
  3 spectral swamp worms (Depths:3)
  A green draconian zombie (Crypt:1)
  2 efreet
  4 komodo dragons
  44 yaktaurs
  13 rime drakes
  A black draconian zombie (Crypt:2)
  A minotaur zombie (Crypt:2)
  2 ice devils
  3 tengu conjurers
  6 guardian mummies
  11 red devils
  9 tormentors
  8 trolls
  2 human skeletons
  A meliai (shapeshifter) (Vaults:1)
  3 hydra zombies
  A troll (shapeshifter) (Vaults:1)
  2 hornets (shapeshifter)
  25 merfolk
  A shadow dragon simulacrum (Crypt:1)
  A polar bear (shapeshifter) (Vaults:4)
  A polar bear (Lair:6)
  9 wind drakes
  A jumping spider (shapeshifter) (Elf:3)
  A raiju (shapeshifter) (Vaults:2)
  Prince Ribbit (D:9)
  A dream sheep (shapeshifter) (Vaults:1)
  15 hippogriffs
  3 hydra skeletons (Hell)
  2 hornets
  An ettin zombie (Dis:2)
  An alligator zombie (Geh:3)
  2 ice dragon zombies (Crypt:2)
  2 fire dragon zombies
  2 dream sheep (Shoals:1)
  108 slime creatures
  21 blink frogs
  9 snapping turtles
  57 flying skulls
  A stone giant simulacrum (Crypt:2)
  6 large abominations
  5 redbacks
  A spriggan (shapeshifter) (Depths:3)
  A dire elephant simulacrum (Crypt:2)
  A black mamba zombie (Crypt:2)
  2 ettin skeletons
  19 wraiths
  3 air elementals
  4 shadows
  29 yaks
  2 elf zombies
  20 water elementals
  17 wyverns
  A spriggan (D:7)
  3 vampires
  A wind drake zombie (Crypt:1)
  21 fire elementals
  A golden eye (shapeshifter) (Vaults:2)
  3 hungry ghosts
  11 basilisks
  9 steam dragons
  2 golden eyes (Slime:5)
  2 vampire mosquitoes (D:12)
  20 humans (D:14)
  15 small abominations
  A human simulacrum (Vaults:3)
  2 wargs (Orc:1)
  48 nagas
  A naga (shapeshifter) (Vaults:2)
  A soldier ant (D:14)
  3 hydra simulacra (Hell)
  3 acid dragons
  11 water moccasins
  4 floating eyes (Depths:3)
  A floating eye (shapeshifter) (Vaults:2)
  12 hell hounds
  13 porcupines
  3 ettin simulacra
  2 spiny frog skeletons (Hell)
  6 phantoms
  57 orc warriors
  A manticore zombie (Geh:1)
  3 ice beasts
  2 swamp drakes (Depths:5)
  7 eyes of draining
  4 sky beasts
  2 snapping turtle zombies
  An alligator simulacrum (Crypt:3)
  A swamp dragon zombie (Dis:1)
  3 boggarts (D:12)
  6 necrophages
  4 wolves
  39 ogres
  32 centaurs
  An elephant skeleton (Crypt:1)
  A swamp dragon skeleton (Dis:1)
  12 crocodiles
  A rime drake zombie (Crypt:2)
  2 big kobolds
  2 earth elementals
  A rime drake skeleton (Crypt:2)
  A bullfrog (shapeshifter) (Vaults:4)
  2 wyvern zombies
  18 bullfrogs
  A draconian skeleton (Crypt:1)
  A scorpion (shapeshifter) (Vaults:5)
  6 scorpions
  A troll skeleton (Crypt:2)
  11 killer bees
  5 electric eels
  67 wights
  A wolf zombie (Crypt:2)
  10 crimson imps
  2 howler monkeys
  5 lava snakes (Lair:6)
  A quasit (Depths:3)
  A bullfrog zombie (D:9)
  5 hounds
  18 jellies
  A gnoll shaman (D:7)
  36 orc priests
  2 bullfrog skeletons
  17 iron imps
  2 iguanas
  23 orc wizards
  11 worker ants
  A hound skeleton (D:9)
  12 mummies
  2 howler monkey zombies
  12 adders
  14 gnolls
  4 shadow imps
  A white imp (Depths:5)
  An ooze (D:4)
  An adder zombie (D:7)
  A lava snake zombie (Crypt:2)
  7 worms
  A dart slug (D:1)
  2 leopard geckos (D:1)
  148 orcs
  4 giant cockroaches
  A gnoll zombie (Crypt:1)
  10 goblins
  14 hobgoblins
  6 jackals
  5 quokkas
  12 bats
  7 frilled lizards
  19 kobolds
  An orc skeleton (Geh:3)
  7 rats
  2 crawling corpses
  8 tentacles
2717 creatures vanquished.

Vanquished Creatures (collateral kills)
  Dissolution (Slime:2)
  2 ancient liches
  A greater mummy (Depths:4)
  A golden dragon (Depths:5)
  A tentacled monstrosity (Vaults:5)
  A deep elf blademaster (Elf:3)
  A titan (Vaults:5)
  5 acid blobs
  An ancient champion (Crypt:2)
  A sphinx (Depths:3)
  A shadow dragon (Vaults:5)
  A storm dragon (Zot:1)
  4 azure jellies
  A draconian monk (Depths:5)
  A fire giant (Depths:1)
  A frost giant (Shoals:4)
  An iron dragon (Dis:1)
  A draconian scorcher (Zot:1)
  A curse skull (Crypt:1)
  2 ghouls (Crypt:2)
  2 draconian annihilators (Depths:5)
  6 very ugly things
  2 ironheart preservers
  A draconian stormcaller (Zot:1)
  A green draconian (Zot:1)
  3 stone giants
  A vampire knight (Depths:3)
  A deep elf demonologist (Elf:1)
  A black draconian (Depths:5)
  A spark wasp (Depths:2)
  A white draconian (Zot:1)
  A yellow draconian (Zot:1)
  A red draconian (Depths:5)
  A merfolk javelineer (Shoals:4)
  A deep elf death mage (Elf:3)
  A fire dragon (Vaults:2)
  A crystal guardian (Vaults:4)
  A green death (Hell)
  4 yaktaur captains
  4 deep elf high priests
  2 great orbs of eyes
  2 hydras
  3 vault guards
  A merfolk avatar (Shoals:4)
  2 merfolk aquamancers (Shoals:4)
  3 two-headed ogres
  A deep troll shaman (Depths:1)
  A satyr (Shoals:3)
  A deep troll earth mage (Depths:5)
  3 naga sharpshooters
  2 shock serpents (Snake:3)
  A soul eater (Hell)
  Urug (D:9)
  A deep elf knight (Elf:2)
  A hell knight (Vaults:4)
  A spark wasp zombie (WizLab)
  A death drake (Depths:5)
  9 skeletal warriors
  2 deep elf archers
  3 deep trolls
  A shadow dragon zombie (Hell)
  A glowing orange brain (Vaults:3)
  4 phantasmal warriors
  2 orc knights
  A harpy (Shoals:4)
  A tengu zombie (WizLab)
  3 ugly things
  2 necromancers
  5 deep elf magi
  A manticore (Shoals:1)
  A faun (Shoals:3)
  A shining eye (Slime:3)
  9 slime creatures
  A moth of wrath (Zot:1)
  2 demonspawn zombies (WizLab)
  A black mamba (Snake:2)
  A water nymph (Shoals:4)
  A centaur zombie (D:14)
  A naga mage (Snake:3)
  2 spectral swamp worms (Depths:3)
  An emperor scorpion zombie (Dis:1)
  A rime drake (Lair:5)
  5 yaktaurs
  2 freezing wraiths (Crypt:3)
  A troll (D:11)
  A guardian mummy (Depths:4)
  A demonic crawler (Hell)
  A merfolk (Shoals:3)
  A bog body (Crypt:2)
  A wind drake (Shoals:4)
  An ice dragon zombie (WizLab)
  A deep troll zombie (WizLab)
  2 redbacks (Elf:2)
  A water elemental (Shoals:3)
  A wraith (Vaults:2)
  A flying skull (Crypt:3)
  8 yaks
  A basilisk (Lair:6)
  2 nagas
  A warg (Orc:1)
  An acid dragon (D:15)
  A water moccasin (Lair:5)
  2 orc warriors
  An eye of draining (Slime:3)
  3 ogres
  2 necrophages
  A crocodile (shapeshifter) (Vaults:5)
  3 crocodiles
  A centaur (Depths:1)
  A wight (D:7)
  3 howler monkeys (D:8)
  3 jellies
  2 orc wizards (D:7)
  2 mummies (Depths:4)
  7 orcs
  A giant cockroach (D:8)
  A hobgoblin (Bailey)
  4 kobolds
  A crawling corpse (Elf:3)
220 creatures vanquished.

Vanquished Creatures (others)
  Asterion (Vaults:3)
  A fire giant (Vaults:1)
  A vault warden (Vaults:5)
  A war gargoyle (Dis:1)
  An ettin (Vaults:5)
  An ice dragon (Depths:2)
  An ogre mage (Vaults:2)
  A deep elf knight (Elf:1)
  A deep elf mage (Elf:1)
  A shining eye (Slime:4)
  A naga mage (Snake:3)
  A guardian serpent (Snake:1)
  A wind drake (Shoals:4)
  A redback (Elf:2)
  A shadow (Geh:3)
  2 yaks (D:11)
  A hungry ghost (D:11)
  A floating eye (Depths:2)
  A sky beast (D:11)
  A spiny frog skeleton (Geh:2)
  An ogre (Vaults:4)
  A bullfrog (D:11)
  A wyvern zombie (D:11)
  A killer bee (D:11)
  A bullfrog zombie (D:11)
  A worker ant (D:11)
  3 orcs (Elf:1)
  A jackal (D:7)
  A crawling corpse (Elf:3)
  7 fungi
  21 plants
  22 tentacles
82 creatures vanquished.

Grand Total: 3019 creatures vanquished

Notes
Turn   | Place    | Note
-------+----------+-------------------------------------------
     0 | D:1      | Torikoriko the Demonspawn Skald began the quest for the
                  | Orb.
     0 | D:1      | Reached XP level 1. HP: 16/16 MP: 3/3
    52 | D:1      | Reached skill level 1 in Armour
   267 | D:1      | Gained mutation: You are partially covered in slimy green
                  | scales. (AC +2) [demonic ancestry]
   267 | D:1      | Reached XP level 2. HP: 13/22 MP: 5/5
   810 | D:1      | Learned a level 2 spell: Song of Slaying
  1460 | D:2      | Gained mutation: You have a pair of small antennae on your
                  | head. [demonic ancestry]
  1460 | D:2      | Reached XP level 3. HP: 28/28 MP: 3/6
  2165 | D:2      | Noticed a moth of wrath
  2168 | D:2      | Found a bloodstained altar of Trog.
  2180 | D:2      | Gained mutation: You have a pair of antennae on your head.
                  | [demonic ancestry]
  2180 | D:2      | Reached XP level 4. HP: 29/34 MP: 2/7
  3390 | D:3      | Found a runed gate.
  3390 | D:3      | Found a runed gate.
  3391 | D:3      | Found a runed gate.
  3393 | D:3      | Noticed Kotlin's ghost (amateur DECj)
  3591 | D:3      | Learned a level 2 spell: Shroud of Golubria
  3764 | D:3      | Gained mutation: Your flesh is cold resistant. (rC+)
                  | [demonic ancestry]
  3764 | D:3      | Reached XP level 5. HP: 28/40 MP: 4/8
  4051 | D:3      | Reached skill level 3 in Fighting
  4765 | D:3      | Reached skill level 1 in Translocations
  5275 | D:3      | Reached XP level 6. HP: 22/47 MP: 3/9
  6846 | D:4      | Found a staircase to the Ecumenical Temple.
  6851 | Temple   | Entered the Ecumenical Temple
  6888 | Temple   | Became a worshipper of Qazlal Stormbringer
  7008 | D:5      | Entered Level 5 of the Dungeon
  7017 | D:5      | Learned a level 3 spell: Regeneration
  7054 | D:5      | Reached XP level 7. HP: 26/48 MP: 5/10
  7406 | D:5      | Reached skill level 1 in Necromancy
  8162 | D:5      | Reached skill level 4 in Fighting
  8459 | D:5      | Reached XP level 8. HP: 29/56 MP: 7/11
  8996 | D:5      | Found Kig Asua's Armour Boutique.
  9501 | D:6      | Reached skill level 5 in Armour
  9775 | D:6      | Reached * piety under Qazlal
  9798 | D:6      | Found an opulent altar of Gozag.
 10699 | D:6      | Noticed a hippogriff
 10725 | D:6      | Killed a hippogriff
 10725 | D:6      | Reached skill level 5 in Fighting
 10906 | D:6      | Reached skill level 5 in Charms
 10906 | D:6      | Gained mutation: A weak demonic guardian rushes to your
                  | aid. [demonic ancestry]
 10906 | D:6      | Reached XP level 9. HP: 64/64 MP: 12/12
 11207 | D:7      | Found a shattered altar of Ashenzari.
 11213 | D:7      | Found a glowing golden altar of the Shining One.
 11250 | D:7      | Found Jeteoj's Food Emporium.
 11750 | D:7      | Reached ** piety under Qazlal
 11868 | D:7      | Found Evonwac's Armour Boutique.
 12182 | D:7      | Reached skill level 5 in Long Blades
 12518 | D:7      | Found Olig Xof's Weapon Shop.
 12617 | D:7      | Found Datadgh's Armour Shop.
 12620 | D:7      | Found Zerphaur's Magic Scroll Shoppe.
 12627 | D:7      | Bought a scroll of teleportation for 36 gold pieces
 12627 | D:7      | Bought a scroll of teleportation for 36 gold pieces
 12627 | D:7      | Bought a scroll of teleportation for 36 gold pieces
 13375 | D:8      | Got a jewelled whip
 13376 | D:8      | Identified the +3 whip of Tenacity {drain, +Inv Int+6} (You
                  | found it on level 8 of the Dungeon)
 13570 | D:8      | Found a white marble altar of Elyvilon.
 14398 | D:9      | Noticed Prince Ribbit
 14415 | D:9      | Reached skill level 6 in Fighting
 14454 | D:9      | Found a staircase to the Lair.
 14605 | D:8      | Reached skill level 5 in Necromancy
 14884 | D:9      | Noticed a troll
 15510 | D:9      | Gained mutation: You are mostly covered in slimy green
                  | scales. (AC +3) [demonic ancestry]
 15510 | D:9      | Reached XP level 10. HP: 41/76 MP: 13/13
 15523 | D:9      | Killed Prince Ribbit
 15963 | D:9      | Found a white marble altar of Elyvilon.
 15990 | D:9      | Learned a level 4 spell: Olgreb's Toxic Radiance
 16111 | D:9      | Reached skill level 1 in Poison Magic
 16419 | D:9      | Found a runed gate.
 16419 | D:9      | Found a runed gate.
 16419 | D:9      | Found a runed gate.
 16419 | D:9      | Noticed bmj180's ghost (novice MiFi)
 16486 | D:9      | Found a basalt altar of Yredelemnul.
 16486 | D:9      | Found a hide-covered altar of Uskayaw.
 16596 | D:9      | Found a deep blue altar of Sif Muna.
 16598 | D:9      | Found an iron altar of Okawaru.
 16600 | D:9      | Found a faded altar of an unknown god.
 16689 | D:10     | Entered Level 10 of the Dungeon
 16689 | D:10     | Found Cazelown's Food Shoppe.
 17470 | D:10     | Found a deep blue altar of Sif Muna.
 17559 | D:10     | Reached *** piety under Qazlal
 17570 | D:9      | Reached skill level 7 in Fighting
 17942 | Lair:1   | Entered Level 1 of the Lair of Beasts
 17958 | Lair:1   | Noticed Urug
 18538 | D:10     | Paralysed by a hornet for 2 turns
 18546 | D:10     | Paralysed by a hornet for 1 turns
 19428 | D:10     | Found a staircase to the Orcish Mines.
 19831 | D:11     | Noticed a gargoyle
 19842 | D:11     | Killed a gargoyle
 20744 | D:11     | Gained mutation: You are immune to freezing clouds.
                  | [demonic ancestry]
 20744 | D:11     | Reached XP level 11. HP: 33/85 MP: 8/14
 21373 | D:11     | Noticed a red ugly thing
 21381 | D:11     | Killed a red ugly thing
 21894 | D:12     | Reached **** piety under Qazlal
 21899 | D:12     | Reached skill level 8 in Fighting
 21905 | D:12     | Noticed a four-headed hydra
 21908 | D:12     | Noticed a two-headed ogre
 21909 | D:12     | Noticed a two-headed ogre
 22016 | D:12     | Found a flagged portal.
 22043 | Bailey   | Entered a bailey
 22152 | Bailey   | Noticed an orc sorcerer
 22160 | Bailey   | Killed an orc sorcerer
 22306 | Bailey   | Noticed an orc high priest
 22312 | Bailey   | Reached skill level 10 in Armour
 22322 | Bailey   | Killed an orc high priest
 22357 | Bailey   | Found an iron altar of Okawaru.
 23153 | Bailey   | Got a pair of faintly humming boots
 23159 | Bailey   | Identified the +2 pair of boots "Dirphikh" {Str+4} (You
                  | acquired it in a bailey)
 23461 | D:12     | Reached skill level 1 in Invocations
 23713 | D:12     | Noticed a death knight
 23729 | D:12     | Killed a death knight
 23737 | D:12     | Noticed a skeletal warrior
 24042 | D:12     | Killed an unseen horror
 24046 | D:12     | Noticed a red ugly thing
 24048 | D:12     | Reached skill level 9 in Fighting
 24277 | D:12     | Noticed a two-headed ogre
 24396 | D:9      | Killed Urug
 24710 | D:9      | Gained mutation: A meltable icy envelope protects you from
                  | harm. (AC +10) [demonic ancestry]
 24710 | D:9      | Reached XP level 12. HP: 39/95 MP: 10/15
 25623 | Lair:2   | Noticed a four-headed hydra
 26191 | Lair:2   | Killed a seven-headed hydra
 26413 | Lair:2   | Found a staircase to the Snake Pit.
 26582 | Lair:2   | Reached skill level 10 in Fighting
 27408 | Lair:3   | Reached ***** piety under Qazlal
 27414 | Lair:3   | Noticed an eight-headed hydra
 27417 | Lair:3   | Reached skill level 1 in Shields
 27433 | Lair:3   | Killed a 12-headed hydra
 27974 | Lair:3   | Found a staircase to the Shoals.
 28390 | Lair:3   | Reached XP level 13. HP: 67/104 MP: 13/16
 28840 | Lair:4   | Found a runed gate.
 28840 | Lair:4   | Found a runed gate.
 28840 | Lair:4   | Found a runed gate.
 28842 | Lair:4   | Noticed Ishrid's ghost (journeyman MiBe)
 29203 | Lair:5   | Reached skill level 5 in Invocations
 30220 | Lair:5   | Found a viscous altar of Jiyva.
 30222 | Lair:5   | Found a staircase to the Slime Pits.
 30762 | Lair:6   | Entered Level 6 of the Lair of Beasts
 30807 | Lair:5   | Reached skill level 10 in Long Blades
 31202 | Lair:6   | Reached skill level 11 in Fighting
 32422 | Lair:6   | Noticed a fire dragon
 32595 | Lair:6   | Reached ****** piety under Qazlal
 32734 | Lair:6   | Found a large runed door.
 32735 | Lair:6   | Found a large runed door.
 32738 | Lair:6   | Reached XP level 14. HP: 113/113 MP: 19/19
 33176 | Snake:1  | Entered Level 1 of the Snake Pit
 33681 | Snake:1  | Noticed Agnes
 33693 | Snake:1  | Killed Agnes
 34521 | Snake:2  | Noticed Aizul
 34522 | Snake:2  | Noticed a nagaraja
 34536 | Snake:1  | Killed Aizul
 34536 | Snake:1  | Reached skill level 5 in Shields
 35421 | Snake:1  | Killed a nagaraja
 35437 | Snake:1  | HP: 5/113 [poisoned by a naga warrior (splash of poison)]
 35439 | Snake:1  | HP: 2/113 [poisoned by a naga warrior (splash of poison)]
 35871 | Snake:2  | Noticed a nagaraja
 35883 | Snake:1  | Killed a nagaraja
 36305 | Snake:2  | HP: 5/114 [poisoned by a black mamba]
 36305 | Snake:2  | HP: 1/114 [guardian serpent (4)]
 37200 | Snake:2  | Noticed Roxanne
 37321 | Snake:2  | Found Lyakom's Antique Armour Emporium.
 37328 | Snake:2  | Bought a glowing hat for 168 gold pieces
 37328 | Snake:2  | Bought a runed shield for 180 gold pieces
 38034 | Snake:1  | HP: 5/114 [poisoned by a naga ritualist (toxic radiance)]
 38604 | Snake:2  | Noticed Vashnia
 39195 | Snake:1  | Reached skill level 12 in Fighting
 39612 | Snake:3  | Noticed a nagaraja
 39612 | Snake:3  | Noticed a nagaraja
 39896 | Snake:2  | Killed a nagaraja
 39896 | Snake:2  | Reached XP level 15. HP: 86/120 MP: 18/22
 40181 | Snake:3  | Killed a nagaraja
 42027 | Snake:2  | Noticed Nikola
 42117 | Shoals:1 | Entered Level 1 of the Shoals
 42195 | Shoals:1 | Reached skill level 10 in Invocations
 42372 | Shoals:1 | Reached skill level 15 in Armour
 42458 | Lair:3   | HP: 6/122 [poisoned by a sea snake]
 42464 | Lair:3   | HP: 5/122 [poisoned by a sea snake]
 42470 | Lair:3   | HP: 5/122 [poisoned by a sea snake]
 42478 | Lair:3   | HP: 5/122 [poisoned by a sea snake]
 43747 | Shoals:1 | Noticed a kraken
 45380 | Shoals:1 | Killed a kraken
 46628 | Shoals:3 | Noticed a kraken
 46644 | Shoals:3 | Killed a kraken
 46671 | Shoals:2 | Reached XP level 16. HP: 30/129 MP: 7/24
 47095 | Shoals:3 | Found a runed door.
 47097 | Shoals:3 | Found a shimmering altar of Xom.
 47097 | Shoals:3 | Noticed Baraojil's ghost (adept NaGl)
 47693 | Shoals:3 | Found Astroaneu's Assorted Antiques.
 47701 | Shoals:3 | Bought an embroidered cloak for 195 gold pieces
 48283 | Shoals:4 | Entered Level 4 of the Shoals
 48310 | Shoals:4 | Found a large runed door.
 48310 | Shoals:4 | Found a large runed door.
 48332 | Shoals:4 | Reached skill level 13 in Fighting
 48334 | Shoals:4 | Noticed PeterLawrence's ghost (adept MiFi)
 49504 | Shoals:4 | HP: 4/131 [wind drake/the air (13)]
 49945 | Shoals:4 | Got a shimmering scale mail
 49970 | Shoals:3 | Identified the +5 scale mail of Okawaru's Vengeance {-Cast
                  | rElec rF++ Int+2} (You found it on level 4 of the Shoals)
 51042 | Shoals:4 | Got a barnacled rune of Zot
 51476 | Snake:3  | Found Vuc Zeu's Antique Weapon Emporium.
 51476 | Snake:3  | Found Epauputz's Armour Shoppe.
 51484 | Snake:3  | Bought a crystal falchion for 240 gold pieces
 51490 | Snake:3  | Identified the +9 falchion "Penegun" {slice, rPois rF+}
                  | (You bought it in a shop on level 3 of the Snake Pit)
 52532 | Snake:4  | Entered Level 4 of the Snake Pit
 52533 | Snake:4  | Found Ixtiem's General Store.
 52800 | Snake:4  | Bought a potion of curing for 57 gold pieces
 53721 | Snake:4  | Found Metam's General Store.
 54818 | Snake:4  | Gained mutation: Your magical and physical power is
                  | slightly enhanced at high health. [demonic ancestry]
 54818 | Snake:4  | Reached XP level 17. HP: 124/138 MP: 26/26
 55509 | Snake:4  | Reached skill level 14 in Fighting
 55893 | Snake:4  | Got a serpentine rune of Zot
 56910 | D:13     | Reached skill level 10 in Shields
 56935 | D:13     | Noticed Maurice
 56940 | D:13     | Found a labyrinth entrance.
 56966 | D:13     | Killed Maurice
 57014 | Lab      | Entered a labyrinth
 57362 | Lab      | Identified Jorotops's Reference Book on Shape Shifting and
                  | Earth
 58693 | D:14     | Found a gate to the Vaults.
 60128 | D:15     | Entered Level 15 of the Dungeon
 60130 | D:15     | Found a runed gate.
 60130 | D:15     | Found a runed gate.
 60130 | D:15     | Found a runed gate.
 60168 | D:15     | Noticed Usticsia's ghost (journeyman GnWz)
 60701 | D:15     | Reached skill level 15 in Fighting
 60733 | D:15     | Killed Usticsia's ghost
 60746 | D:15     | Got a glittering marble ring
 60748 | D:15     | Identified the ring of Waesiu {*Contam rN++ SInv} (You
                  | found it on level 15 of the Dungeon)
 61053 | D:15     | Reached skill level 5 in Dodging
 61506 | D:15     | Found a staircase to the Depths.
 61763 | Depths:1 | Entered Level 1 of the Depths
 61965 | Vaults:1 | Entered Level 1 of the Vaults
 61984 | Vaults:1 | Gained mutation: You have a pair of large antennae on your
                  | head. (SInv) [demonic ancestry]
 61984 | Vaults:1 | Reached XP level 18. HP: 149/149 MP: 27/27
 62880 | Vaults:1 | Got a crude iron ring
 62882 | Vaults:1 | Identified the ring of Ceifut {rPois rC+ SInv} (You found
                  | it on level 1 of the Vaults)
 64342 | Vaults:2 | Reached skill level 16 in Fighting
 64415 | Vaults:2 | Noticed Sojobo
 64427 | Vaults:2 | Killed Sojobo
 65492 | Vaults:2 | Got a pair of crude gloves
 65503 | Vaults:2 | Identified the +0 pair of gloves of Qazlal's Outrage
                  | {*Corrode rElec rN+ Str+3} (You acquired it on level 2 of
                  | the Vaults)
 65796 | Vaults:2 | Noticed Mara
 66068 | Vaults:2 | Gained mutation: A demonic guardian rushes to your aid.
                  | [demonic ancestry]
 66068 | Vaults:2 | Reached XP level 19. HP: 159/159 MP: 28/28
 66610 | Vaults:2 | Found a staircase to the Crypt.
 66610 | Vaults:2 | Found a basalt altar of Yredelemnul.
 66611 | Vaults:2 | Found an ancient bone altar of Kikubaaqudgha.
 66776 | Vaults:3 | Noticed Asterion
 67065 | Vaults:3 | Reached skill level 17 in Fighting
 67597 | Vaults:3 | Killed Asterion
 68900 | Vaults:4 | Reached XP level 20. HP: 159/170 MP: 29/29
 69125 | Vaults:4 | Reached skill level 18 in Fighting
 71098 | Vaults:5 | Entered Level 5 of the Vaults
 71520 | Orc:1    | Entered Level 1 of the Orcish Mines
 71825 | Orc:2    | Entered Level 2 of the Orcish Mines
 71879 | Orc:2    | Noticed Donald
 71895 | Orc:1    | Killed Donald
 71897 | Orc:1    | Got a warped shield {Donald}
 71908 | Orc:1    | Identified the +3 shield "Keix" {rN++} (You took it off
                  | Donald on level 1 of the Orcish Mines)
 72334 | Orc:2    | Found a roughly hewn altar of Beogh.
 72337 | Orc:2    | Found Yseytuno's Antique Armour Shop.
 72453 | Orc:1    | Noticed Snorg
 72469 | Orc:1    | Killed Snorg
 72570 | Orc:1    | Found Saekhlyobb's General Store.
 72666 | Orc:2    | Found a staircase to the Elven Halls.
 72675 | Orc:2    | Found a roughly hewn altar of Beogh.
 72793 | Orc:2    | Found a roughly hewn altar of Beogh.
 72884 | Orc:2    | Found Atwob's Antique Armour Shop.
 72885 | Orc:2    | Found a roughly hewn altar of Beogh.
 72886 | Orc:2    | Found Retirgh's Antique Weapon Boutique.
 73007 | Orc:2    | Found a roughly hewn altar of Beogh.
 73011 | Orc:2    | Found Iniess's Armour Shoppe.
 73143 | Orc:2    | Bought an ancient plate armour for 616 gold pieces
 73154 | Orc:2    | Identified the +2 plate armour of Abstinence {rPois rF+ MR+
                  | Str+3} (You bought it in a shop on level 2 of the Orcish
                  | Mines)
 73156 | Orc:2    | Bought a translucent scale mail for 198 gold pieces
 73167 | Orc:2    | Identified the +5 scale mail of the Tired Curses {rElec rN+
                  | Str-3} (You bought it in a shop on level 2 of the Orcish
                  | Mines)
 73236 | Elf:1    | Entered Level 1 of the Elven Halls
 73705 | Elf:1    | Reached skill level 19 in Fighting
 73817 | Elf:1    | Identified Sif Muna's Grimoire of Companions
 74438 | Elf:1    | Found a runed gate.
 74438 | Elf:1    | Found a runed gate.
 74438 | Elf:1    | Found a runed gate.
 74438 | Elf:1    | Noticed nightchill's ghost (adept MiBe)
 75154 | Elf:2    | Found Ifecs's Armour Shoppe.
 75305 | Elf:2    | Gained mutation: You are completely covered in slimy green
                  | scales. (AC +4, rPois) [demonic ancestry]
 75305 | Elf:2    | Reached XP level 21. HP: 162/182 MP: 30/30
 75332 | Elf:2    | Found a portal to a secret trove of treasure.
 75429 | Elf:2    | You paid a toll of 13 scrolls of teleportation to enter a
                  | treasure trove
 75430 | Trove    | Entered a treasure trove
 75479 | Trove    | Got a twisted demon blade
 75480 | Trove    | Identified the +12 demon blade of the Purse {venom, Str-5
                  | Int+4 Stlth+} (You found it in a treasure trove)
 75502 | Trove    | Got a crystal demon blade
 75504 | Trove    | Identified the +7 demon blade "Naum" {protect, MR+} (You
                  | found it in a treasure trove)
 75917 | Elf:2    | Found a huge runed gate.
 75917 | Elf:2    | Found a huge runed gate.
 75918 | Elf:2    | Found a huge runed gate.
 75921 | Elf:2    | Found a huge runed gate.
 75924 | Elf:2    | Found a huge runed gate.
 75938 | Elf:2    | Reached skill level 20 in Fighting
 76737 | Elf:3    | Entered Level 3 of the Elven Halls
 77494 | Elf:3    | Got a glittering granite ring
 77563 | Elf:3    | Got a twitching bronze ring
 77565 | Elf:3    | Identified the ring "Rulil" {Fire Stlth+} (You found it on
                  | level 3 of the Elven Halls)
 77568 | Elf:3    | Identified the ring of Dymn {+Fly rN++} (You took it off a
                  | deep elf elementalist on level 3 of the Elven Halls)
 77572 | Elf:3    | Identified Sif Muna's Tome of Greatest Risks and Utility
 77614 | Elf:3    | Got a polished plate armour
 77630 | Elf:3    | Identified the +9 plate armour "Sulicey" {rC++ rN+ Str+2}
                  | (You found it on level 3 of the Elven Halls)
 77655 | Elf:3    | Got a clouded brass ring
 77656 | Elf:3    | Identified the ring "Sawnashros" {*Tele rPois rN+} (You
                  | found it on level 3 of the Elven Halls)
 77662 | Elf:3    | Got a pair of jewelled gloves
 77729 | Elf:3    | Identified the cursed +0 pair of gloves of Servitude
                  | {+Blink Dex+6 SInv} (You found it on level 3 of the Elven
                  | Halls)
 77885 | Elf:3    | Got a scintillating iron ring
 77940 | Elf:2    | Identified the ring "Veros Jidu" {rF+ rN+ Stlth+} (You took
                  | it off a deep elf elementalist on level 3 of the Elven
                  | Halls)
 78915 | Vaults:2 | Noticed Torikoriko's illusion
 78929 | Vaults:2 | Killed Mara
 78929 | Vaults:2 | Reached skill level 10 in Dodging
 79371 | Vaults:4 | Gained mutation: A powerful demonic guardian rushes to your
                  | aid. [demonic ancestry]
 79371 | Vaults:4 | Reached XP level 22. HP: 178/192 MP: 33/33
 79486 | Vaults:5 | Noticed Margery
 79490 | Vaults:5 | Reached skill level 15 in Invocations
 79537 | Vaults:4 | Killed Margery
 79562 | Vaults:4 | Reached skill level 21 in Fighting
 81354 | Vaults:5 | Noticed an ancient lich
 81813 | Vaults:5 | Killed an ancient lich
 81963 | Vaults:5 | Noticed a golden dragon
 81963 | Vaults:5 | a storm dragon changed into a golden dragon
 81964 | Vaults:5 | a golden dragon changed into an iron giant
 82359 | Vaults:5 | Noticed a golden dragon
 82371 | Vaults:5 | Killed a golden dragon
 82720 | Vaults:5 | Found Bushred's Gadget Shop.
 82724 | Vaults:5 | Bought a wand of clouds (5) for 324 gold pieces
 82776 | Vaults:5 | Found Goidac's Antique Armour Shoppe.
 82992 | Vaults:5 | Got a silver rune of Zot
 83111 | Vaults:5 | Found Nanah's Food Emporium.
 83310 | Vaults:5 | Found Wyimiwn's Distillery.
 83318 | Vaults:5 | Bought a potion of heal wounds for 80 gold pieces
 83318 | Vaults:5 | Bought a potion of resistance for 160 gold pieces
 83318 | Vaults:5 | Bought a potion of might for 64 gold pieces
 83318 | Vaults:5 | Bought a potion of heal wounds for 80 gold pieces
 83318 | Vaults:5 | Bought a potion of invisibility for 128 gold pieces
 83318 | Vaults:5 | Bought a potion of haste for 160 gold pieces
 83318 | Vaults:5 | Bought 2 potions of resistance for 320 gold pieces
 83360 | Vaults:5 | Found Muzxinn's Distillery.
 83365 | Vaults:5 | Bought a potion of flight for 63 gold pieces
 83365 | Vaults:5 | Bought a potion of curing for 63 gold pieces
 83365 | Vaults:5 | Bought a potion of curing for 63 gold pieces
 83365 | Vaults:5 | Bought a potion of curing for 63 gold pieces
 83365 | Vaults:5 | Bought a potion of heal wounds for 105 gold pieces
 83365 | Vaults:5 | Bought a potion of curing for 63 gold pieces
 83365 | Vaults:5 | Bought a potion of curing for 63 gold pieces
 83365 | Vaults:5 | Bought 2 potions of might for 168 gold pieces
 83365 | Vaults:5 | Bought a potion of heal wounds for 105 gold pieces
 83529 | Vaults:5 | Found Koxue's Weapon Shoppe.
 84054 | D:15     | Gained mutation: Your magical and physical power is
                  | enhanced at high health. [demonic ancestry]
 84054 | D:15     | Reached XP level 23. HP: 202/202 MP: 35/35
 84174 | Depths:1 | Found a corrupted altar of Lugonu.
 84176 | Depths:1 | Found a one-way gate to the infinite horrors of the Abyss.
 84617 | Depths:1 | Found a gateway to Hell.
 85709 | Depths:2 | Found a one-way gate leading to the halls of Pandemonium.
 85786 | Depths:2 | Found Afaeduocsoa's Gadget Emporium.
 85787 | Depths:2 | Found Osenoh's Jewellery Shop.
 85788 | Depths:2 | Found Plog's Gadget Emporium.
 86007 | Depths:2 | Reached skill level 22 in Fighting
 86682 | Depths:3 | Got a sparkling glass ring
 86684 | Depths:3 | Identified the ring of Vulim {Wiz rN+ MR+} (You found it on
                  | level 3 of the Depths)
 87187 | Depths:3 | Got an ichor-stained hand crossbow
 87188 | Depths:3 | Identified the +7 hand crossbow "Usasov" {velocity, Str+4}
                  | (You took it off a vampire knight on level 3 of the Depths)
 87533 | Depths:3 | Got a faintly glowing marble ring
 87568 | Depths:3 | Identified the Tome of Enchantment
 87629 | Depths:3 | Found a gateway to a ziggurat.
 87631 | Depths:3 | Paralysed by a floating eye for 2 turns
 87636 | Depths:3 | Paralysed by a floating eye for 2 turns
 87933 | Depths:3 | Found a shattered altar of Ashenzari.
 89026 | Depths:4 | Found Jeyn's Distillery.
 89035 | Depths:4 | Bought a potion of heal wounds for 70 gold pieces
 89035 | Depths:4 | Bought a potion of might for 56 gold pieces
 89326 | Depths:4 | Noticed a greater mummy
 89335 | Depths:4 | Killed a greater mummy
 89335 | Depths:4 | Reached XP level 24. HP: 137/206 MP: 35/35
 89869 | Depths:5 | Entered Level 5 of the Depths
 89887 | Depths:5 | Noticed a juggernaut
 90306 | Depths:5 | Killed a juggernaut
 91401 | Depths:5 | Reached skill level 23 in Fighting
 91509 | Depths:5 | Identified the ring "Kissaotynn" {+Blink +Fly rC- SInv}
                  | (You took it off a fire giant on level 3 of the Depths)
 91937 | Depths:5 | Reached skill level 15 in Dodging
 92143 | Depths:5 | Found a gate to the Realm of Zot.
 92152 | Depths:5 | Got a pair of ancient boots
 92169 | Depths:5 | Identified the +1 pair of boots "Mietonia" {Dex+4} (You
                  | found it on level 5 of the Depths)
 92295 | Depths:5 | Got a twitching granite ring
 92628 | Zot:1    | Entered Level 1 of the Realm of Zot
 93261 | Crypt:1  | Entered Level 1 of the Crypt
 93584 | Crypt:1  | Found a magical portal.
 93611 | WizLab   | Entered Doroklohe's Tomb
 93833 | WizLab   | Noticed an ancient lich
 93863 | WizLab   | Killed an ancient lich
 94528 | Crypt:1  | Identified the ring of Nenwieme {rElec SInv} (You took it
                  | off a black draconian on level 5 of the Depths)
 94577 | Crypt:1  | Found a runed gate.
 94578 | Crypt:1  | Found a runed gate.
 94578 | Crypt:1  | Noticed Norrafa's ghost (master MiMo)
 94579 | Crypt:1  | Found a runed gate.
 95192 | Crypt:2  | Gained mutation: Your magical and physical power is greatly
                  | enhanced at high health. [demonic ancestry]
 95192 | Crypt:2  | Reached XP level 25. HP: 215/215 MP: 35/35
 95264 | Crypt:2  | Noticed Xtahua
 95287 | Crypt:2  | Killed Xtahua
 96246 | Crypt:2  | Got a smoking ruby amulet
 96451 | Crypt:3  | Entered Level 3 of the Crypt
 96634 | Crypt:3  | Noticed Khufu
 96655 | Crypt:3  | Killed Khufu
 96707 | Crypt:3  | Identified the amulet "Joyg" {Acrobat Str+4} (You took it
                  | off a vampire knight on level 2 of the Crypt)
 96783 | Crypt:3  | Noticed Bai Suzhen
 96806 | Crypt:3  | Killed Bai Suzhen
 96837 | Crypt:3  | Found an ancient bone altar of Kikubaaqudgha.
 97464 | Crypt:3  | Noticed an ancient lich
 97488 | Crypt:3  | Killed an ancient lich
 97517 | Crypt:3  | Found a staircase to the Tomb.
 97994 | Crypt:3  | Reached skill level 24 in Fighting
 98499 | Slime:1  | Entered Level 1 of the Pits of Slime
 98808 | Slime:1  | Gained mutation: You are clumsy. (Dex -2) [a shining eye]
 98816 | Slime:2  | Noticed Dissolution
 98826 | Slime:2  | Killed Dissolution
 98826 | Slime:2  | Reached XP level 26. HP: 214/222 MP: 35/35
 99037 | Slime:2  | Gained mutation: Armour fits poorly on your strangely
                  | shaped body. [a shining eye]
 99118 | Slime:3  | Gained mutation: You tend to lose your temper in combat. [a
                  | shining eye]
 99121 | Slime:3  | Gained mutation: You are weak. (Str -2) [a shining eye]
 99123 | Slime:3  | Gained mutation: Your body sometimes deteriorates upon
                  | taking damage. [a shining eye]
 99125 | Slime:3  | Gained mutation: Your spells are a little easier to cast,
                  | but a little less powerful. [a shining eye]
 99127 | Slime:3  | Gained mutation: Your body often deteriorates upon taking
                  | damage. [a shining eye]
100082 | Slime:5  | Entered Level 5 of the Pits of Slime
100144 | Slime:5  | Noticed the Royal Jelly
100144 | Slime:5  | Gained mutation: You occasionally shout uncontrollably at
                  | your foes. [a shining eye]
100220 | Slime:5  | Killed the Royal Jelly
100220 | Slime:5  | Reached skill level 10 in Charms
100708 | Slime:5  | Gained mutation: You are very weak. (Str -4) [a shining
                  | eye]
100753 | Slime:5  | Found the +8 trident of the Octopus King {venom, rElec
                  | rPois MR+}
100757 | Slime:5  | Found the +6 lightning scales {run, rElec}
100873 | Slime:5  | Got a slimy rune of Zot
100915 | Slime:5  | Got a flickering iron amulet
100916 | Slime:5  | Identified the amulet of Peuf {Harm *Drain rC+ Dex+2 Slay-5
                  | Stlth+} (You found it on level 5 of the Pits of Slime)
100945 | Slime:5  | Got a fine turquoise ring
100946 | Slime:5  | Identified the cursed ring "Vedy" {rPois Str-2} (You found
                  | it on level 5 of the Pits of Slime)
100984 | Slime:5  | Got a translucent copper ring
100985 | Slime:5  | Identified the ring "Curr" {-Tele rF+ rC+++ rN+ Dex-2} (You
                  | found it on level 5 of the Pits of Slime)
101361 | Hell     | Entered the Vestibule of Hell
101361 | Hell     | Noticed Geryon
101668 | Depths:1 | Lost mutation: You occasionally shout uncontrollably at
                  | your foes. [potion of mutation]
101668 | Depths:1 | Lost mutation: Your body often deteriorates upon taking
                  | damage. [potion of mutation]
101668 | Depths:1 | Lost mutation: You tend to lose your temper in combat.
                  | [potion of mutation]
101668 | Depths:1 | Lost mutation: Your body sometimes deteriorates upon taking
                  | damage. [potion of mutation]
101668 | Depths:1 | Gained mutation: You can translocate small distances at
                  | will. [potion of mutation]
101668 | Depths:1 | Gained mutation: Your flesh is heat resistant. (rF+)
                  | [potion of mutation]
101669 | Depths:1 | Lost mutation: Armour fits poorly on your strangely shaped
                  | body. [potion of mutation]
101669 | Depths:1 | Lost mutation: You are clumsy. (Dex -2) [potion of
                  | mutation]
101669 | Depths:1 | Lost mutation: You are very weak. (Str -4) [potion of
                  | mutation]
101669 | Depths:1 | Lost mutation: You are weak. (Str -2) [potion of mutation]
101669 | Depths:1 | Gained mutation: You have supernaturally acute eyesight.
                  | (SInv) [potion of mutation]
101669 | Depths:1 | Gained mutation: You have a beak for a mouth. [potion of
                  | mutation]
102000 | Hell     | Killed Geryon
102151 | Hell     | Found a gateway to the Iron City of Dis.
102183 | Hell     | Found a gateway to the ashen valley of Gehenna.
102287 | Hell     | Found a gateway to the decaying netherworld of Tartarus.
102372 | Hell     | Found a gateway to the freezing wastes of Cocytus.
102593 | Dis:1    | Entered Level 1 of the Iron City of Dis
102908 | Dis:1    | Reached skill level 25 in Fighting
102974 | Dis:1    | Reached XP level 27. HP: 177/241 MP: 35/35
103466 | Dis:1    | Gained mutation: Your system is resistant to poisons.
                  | (rPois) [mutagenic glow]
104343 | Geh:1    | Entered Level 1 of Gehenna
105902 | Zot:1    | HP: 11/244 [acid (15)]
105905 | Zot:1    | Splashed by an acid blob's acid

Skill      XL: |  1  2  3  4  5  6  7  8  9 10 11 12 13 14 15 16 17 18 19 20 21 22 23 24 25 26 27 |
---------------+----------------------------------------------------------------------------------+-----
Armour         | 1 2 3 4 6 7 9 10 12 13 14 15 16 17 19 20 21 22 23 | 23.0
Long Blades    | 2 3 4 5 6 8 9 10 11 12 14 | 14.0
Charms         | 3 4 5 6 8 10 | 10.0
Fighting       | 3 4 5 6 7 9 10 11 12 13 15 16 17 19 20 21 22 23 24 25 | 25.7
Translocations | 1 2 3 |  3.0
Necromancy     | 2 3 5 8 |  8.2
Poison Magic   | 3 |  3.4
Invocations    | 3 4 7 9 11 12 14 16 17 18 | 18.2
Shields        | 1 4 6 7 9 10 | 10.0
Dodging        | 5 8 10 12 14 15 16 18 19 | 19.0
Spellcasting   | |  2.0

Action                   |  1- 3 |  4- 6 |  7- 9 | 10-12 | 13-15 | 16-18 | 19-21 | 22-24 | 25-27 || total
-------------------------+-------+-------+-------+-------+-------+-------+-------+-------+-------++-------
Melee: Falchion          |   119 |   399 |   700 |  1016 |  1427 |  2182 |       |       |       ||  5843
       Scimitar          |       |       |       |       |       |   253 |  1458 |       |       ||  1711
       Demon blade       |       |       |       |       |       |       |   407 |  2520 |  2605 ||  5532
       Peck              |       |       |       |       |       |       |       |       |   441 ||   441
 Fire: Shortbow          |       |     9 |    18 |     8 |       |       |       |       |       ||    35
       Hunting sling     |       |     5 |       |       |       |       |       |       |       ||     5
Throw: Stone             |     4 |       |     1 |       |       |       |       |       |       ||     5
       Tomahawk          |       |       |     2 |       |       |       |       |       |       ||     2
       Throwing net      |       |       |       |     1 |       |       |       |     2 |     1 ||     4
 Cast: Infusion          |     9 |     9 |       |       |       |       |       |       |       ||    18
       Song of Slaying   |     3 |    10 |    21 |     1 |       |       |     2 |       |     8 ||    45
       Shroud of Golubri |       |     7 |    19 |     3 |       |       |       |       |       ||    29
       Regeneration      |       |       |     6 |     2 |       |       |       |       |     7 ||    15
Invok: Upheaval          |       |       |     2 |     8 |     6 |     4 |     1 |     5 |     7 ||    33
       Disaster Area     |       |       |       |       |     3 |     1 |     9 |     5 |     6 ||    24
       Elemental Force   |       |       |       |       |     2 |     7 |       |     4 |     2 ||    15
 Abil: Stop Flying       |       |       |       |     1 |       |       |       |       |       ||     1
       Evoke Flight      |       |       |       |     1 |       |       |       |       |       ||     1
       Blink             |       |       |       |       |       |       |       |       |     2 ||     2
Evoke: Wand              |       |       |    23 |     4 |     7 |     2 |       |     3 |     2 ||    41
       Phial of floods   |       |       |       |       |     1 |       |       |       |       ||     1
       Box of beasts     |       |       |       |       |       |     1 |       |       |       ||     1
  Use: Scroll            |       |    10 |     4 |    10 |    11 |     7 |    22 |     6 |     8 ||    78
       Potion            |       |       |     2 |     1 |     7 |     2 |     1 |     2 |    10 ||    25
 Stab: Distracted        |       |       |     2 |     4 |    11 |     9 |     6 |     5 |     8 ||    45
       Confused          |       |       |       |       |       |     1 |       |     2 |     1 ||     4
       Held in net/web   |       |       |       |       |       |       |       |       |     1 ||     1
  Eat: Chunk             |     4 |    16 |    21 |    35 |    25 |    30 |    34 |    38 |    11 ||   214
       Ration            |       |     1 |     4 |     2 |    10 |    11 |     3 |     4 |     9 ||    44
Armor: Scale mail        |    71 |   203 |   342 |    52 |       |   562 |       |       |       ||  1230
       Leather armour    |     3 |       |       |       |       |       |       |       |       ||     3
       Plate armour      |       |       |       |   587 |   867 |   271 |   502 |       |       ||  2227
       Crystal plate arm |       |       |       |       |       |       |    98 |  1134 |  1549 ||  2781
Dodge: Dodged            |    82 |   206 |   473 |   365 |   434 |   700 |   427 |   591 |  1037 ||  4315
       Deflected         |       |       |       |     4 |    76 |    58 |    27 |    34 |    32 ||   231
Block: Other             |       |       |    44 |   146 |       |       |       |       |       ||   190
       Shield            |       |       |       |    83 |  1364 |  2077 |  1693 |  2100 |  2955 || 10272
       Rpst.: Falchion   |    31 |    73 |   138 |    91 |    68 |    75 |       |       |       ||   476
       Scimitar          |       |       |       |       |       |    12 |    78 |       |       ||    90
       Demon blade       |       |       |       |       |       |       |    15 |    92 |   200 ||   307
